 Dungeon Crawl Stone Soup version 0.23.1-37-gaa34b87b72 (webtiles) character file.

Game seed: 289639037302385294

4683 Revguard the Protected (level 10, -6/123 HPs)
             Began as a Formicid Fighter on Mar 25, 2019.
             Was a Believer of Qazlal.
             Mangled by a killer bee (8 damage)
             ... on level 9 of the Dungeon.
             The game lasted 00:38:09 (7848 turns).

Revguard the Protected (Formicid Fighter)           Turns: 7848, Time: 00:38:10

Health: -6/123     AC: 25    Str: 23    XL:     10   Next: 72%
Magic:  1/13       EV:  2    Int: 11    God:    Qazlal [**....]
Gold:   408        SH: 13    Dex: 11    Spells: 9/9 levels left

rFire    . . .     SeeInvis .   x - +4 war axe of Iconoclasm {speed, *Rage rN+ Int+3 Stlth+}
rCold    . . .     Gourm    .   c - +0 shield
rNeg     + + +     Faith    .   (armour currently unavailable)
rPois    +         Spirit   .   (helmet unavailable)
rElec    .         Reflect  .   (cloak currently unavailable)
rCorr    +         Harm     .   (gloves currently unavailable)
MR       +....                  (boots currently unavailable)
Stlth    ++........             (no amulet)
HPRegen  0.30/turn              t - ring of flight
MPRegen  0.13/turn              s - ring of resist corrosion

@: lethally poisoned (-6 -> -8), tree-form, marked
A: permanent stasis, dig shafts and tunnels, four strong arms, clumsy 1, strong
1
a: Upheaval, Renounce Religion


You were on level 9 of the Dungeon.
You worshipped Qazlal.
Qazlal was pleased with you.
You were not hungry.
You were a tree.
You visited 2 branches of the dungeon, and saw 10 of its levels.

You collected 408 gold pieces.

Inventory:

Hand Weapons
 x - the +4 war axe of Iconoclasm (weapon) {speed, *Rage rN+ Int+3 Stlth+}
   (You found it on level 8 of the Dungeon)

   Attacks with this weapon are significantly faster.
   It affects your intelligence (+3).
   It protects you from negative energy.
   It may make you go berserk in combat.
   It makes you more stealthy.
Armour
 a - a scarf of repulsion (melded)
 c - a +0 shield (worn)
 d - a +1 plate armour (melded)
 l - a +0 cloak
 u - a +3 ring mail of cold resistance
Jewellery
 s - a ring of resist corrosion (right branch)
 t - a ring of flight (left branch)
Wands
 v - a wand of iceblast (11)
Scrolls
 e - 2 scrolls of amnesia
 g - a scroll of enchant armour
 i - 12 scrolls of identify
 k - 7 scrolls of remove curse
 m - 3 scrolls of enchant weapon {unknown}
 n - 7 scrolls of teleportation {unknown}
 p - a scroll of noise {unknown}
Potions
 j - 3 potions of agility
 r - 2 potions of flight
 w - a potion of resistance
Comestibles
 f - 13 rations
 q - 3 chunks of flesh


   Skills:
 + Level 8.9 Fighting
 + Level 7.7 Axes
 + Level 9.0 Armour
 + Level 5.8 Dodging
 + Level 7.5 Shields
 * Level 5.0 Invocations


You had 9 spell levels left.
You didn't know any spells.
Your spell library contained the following spells:

 Spells                   Type           Power        Failure   Level  Hunger
 Animate Skeleton         Necr           N/A          43%         1    ##.....
 Apportation              Tloc           #.....       43%         1    ##.....
 Confusing Touch          Hex            #.....       43%         1    ##.....
 Summon Small Mammal      Summ           #...         43%         1    ##.....


Dungeon Overview and Level Annotations

Branches:
Dungeon (9/15)             Temple (1/1) D:4
   Lair: D:8-11         Orc: D:9-12

Altars:
Ashenzari
Cheibriados
Dithmenos
Elyvilon
Fedhas
Gozag
Hepliaklqana
Kikubaaqudgha
Makhleb
Nemelex Xobeh
Okawaru
Qazlal
Ru
Sif Muna
Trog
Uskayaw
Vehumet
Wu Jian
Xom
Yredelemnul
Zin
The Shining One

Shops:
D:8 (


Innate Abilities, Weirdness & Mutations

You cannot be hasted, slowed, berserked, paralysed or teleported.
You can dig through walls and to a lower floor.
Your four strong arms can wield two-handed weapons with a shield.
((You have a pair of large antennae on your head. (SInv)))
You are clumsy. (Dex -2)
Your muscles are strong. (Str +2)
((Your movements are slightly less encumbered by armour. (ER -2)))


Message History

The killer bee stings you but does no damage. x2
You block the killer bee's attack. The killer bee barely misses you.
The killer bee stings you!
* * * LOW HITPOINT WARNING * * *
The queen bee stings you but does no damage.
Aiming: Upheaval
Press: ? - help, Dir - move target cursor, f - wight
Aim: a wight, wielding a +4 long sword and wearing a +0 robe A storm cloud blasts the area with cutting wind!
The cutting wind hits the wight!!
You destroy the wight!
Qazlal accepts your kill.
* * * LOW HITPOINT WARNING * * *
You feel sick.
The killer bee stings you but does no damage.
You block the killer bee's attack. x2
The killer bee stings you but does no damage.
A phantom comes into view.
The killer bee stings you!
You die...

#..# #..# ....#
#..## ....# #...#
....# #...# ....#
#.<)# ....# ##..#
....###
#+###..###y.)....
......s..y♣○g.....
.......†††#yz.....
######.W###†z.....
{ ##+# ...####
...# ...# { ...#
...#


You could see a queen bee, a phantom, a scorpion, 2 killer bees, 2 wights and a
gnoll.

Vanquished Creatures
  Erica (D:9)
  A two-headed ogre (D:8)
  A hungry ghost (D:5)
  Edmund (D:6)
  An orc warrior (D:6)
  A sky beast (D:8)
  An ice beast (D:9)
  2 ogres
  A phantom (D:3)
  A centaur (D:6)
  2 bullfrogs
  A gnoll sergeant (D:8)
  A scorpion (D:6)
  17 killer bees
  6 wights
  4 howler monkeys
  2 crimson imps
  A bullfrog zombie (D:5)
  3 hounds
  3 jellies
  3 orc priests
  A bullfrog skeleton (D:6)
  7 orc wizards
  2 iguanas (D:6)
  3 worker ants
  A hound skeleton (D:5)
  17 gnolls
  5 adders
  5 shadow imps
  An ooze (D:7)
  An adder zombie (D:5)
  An adder skeleton (D:5)
  A worm (D:4)
  3 dart slugs
  7 leopard geckos
  30 orcs
  9 bats
  5 giant cockroaches
  4 goblins
  8 hobgoblins
  7 jackals
  4 quokkas
  2 ball pythons
  8 frilled lizards
  8 kobolds
  8 rats
202 creatures vanquished.

Vanquished Creatures (others)
  A ghoul (D:1)
  An octopode (D:1)
  An elf (D:1)
  A troll (D:1)
  3 formicids (D:1)
  2 vampires (D:1)
  A centaur (D:1)
  An ogre (D:1)
  An orc (D:1)
  4 tentacles (D:1)
16 creatures vanquished.

Grand Total: 218 creatures vanquished

Notes
Turn   | Place    | Note
-------+----------+-------------------------------------------
     0 | D:1      | Revguard the Formicid Fighter began the quest for the Orb.
     0 | D:1      | Reached XP level 1. HP: 18/18 MP: 1/1
     0 | D:1      | Noticed a troll
     0 | D:1      | Noticed a centaur
     0 | D:1      | Noticed an elf
     0 | D:1      | Noticed a formicid
     0 | D:1      | Noticed a formicid
     0 | D:1      | Noticed a kraken
     0 | D:1      | Noticed a ghoul
     0 | D:1      | Noticed an ogre
     0 | D:1      | Noticed a vampire
     0 | D:1      | Noticed a formicid
     0 | D:1      | Noticed an octopode
     0 | D:1      | Noticed a vampire
     7 | D:1      | Killed a ghoul
     8 | D:1      | Killed a formicid
     8 | D:1      | Killed a centaur
     9 | D:1      | Killed an octopode
    10 | D:1      | Killed a troll
    11 | D:1      | Killed a vampire
    12 | D:1      | Killed an elf
    13 | D:1      | Killed a formicid
    13 | D:1      | Killed a formicid
    14 | D:1      | Killed a vampire
    15 | D:1      | Killed an ogre
    88 | D:1      | Reached XP level 2. HP: 20/24 MP: 2/2
   497 | D:1      | Reached XP level 3. HP: 29/29 MP: 3/3
   801 | D:1      | Reached skill level 7 in Armour
   801 | D:1      | Reached skill level 5 in Dodging
   801 | D:1      | Reached XP level 4. HP: 43/43 MP: 4/4
  2244 | D:3      | Found a glowing golden altar of the Shining One.
  2256 | D:3      | Found a glowing silver altar of Zin.
  2303 | D:3      | Noticed a phantom
  2327 | D:3      | Gained mutation: You are partially covered in icy blue
                  | scales. (AC +2) [potion of mutation]
  2327 | D:3      | Gained mutation: Armour fits poorly on your strangely
                  | shaped body. [potion of mutation]
  2327 | D:3      | Gained mutation: You are frail. (-10% HP) [potion of
                  | mutation]
  2327 | D:3      | Gained mutation: You have an increased reservoir of magic.
                  | (+10% MP) [potion of mutation]
  2354 | D:3      | Killed a phantom
  2354 | D:3      | Reached XP level 5. HP: 23/43 MP: 5/5
  2650 | D:3      | Found a shattered altar of Ashenzari.
  2953 | D:3      | Reached XP level 6. HP: 49/50 MP: 6/6
  2959 | D:3      | Found an ancient bone altar of Kikubaaqudgha.
  3128 | D:4      | Found an opulent altar of Gozag.
  3531 | D:4      | Reached XP level 7. HP: 51/54 MP: 7/7
  3615 | D:4      | Found a staircase to the Ecumenical Temple.
  3740 | Temple   | Entered the Ecumenical Temple
  3792 | Temple   | Became a worshipper of Qazlal Stormbringer
  3862 | D:4      | Found a snail-covered altar of Cheibriados.
  3968 | D:5      | Entered Level 5 of the Dungeon
  4292 | D:5      | Noticed a hungry ghost
  4340 | D:5      | Reached skill level 8 in Armour
  4340 | D:5      | Reached skill level 1 in Invocations
  4358 | D:5      | Killed a hungry ghost
  4358 | D:5      | Reached XP level 8. HP: 20/61 MP: 9/9
  4570 | D:5      | Reached * piety under Qazlal
  4582 | D:5      | Found a hazy altar of Hepliaklqana.
  4728 | D:5      | Lost mutation: Armour fits poorly on your strangely shaped
                  | body. [potion of mutation]
  4728 | D:5      | Lost mutation: You are partially covered in icy blue
                  | scales. (AC +2) [potion of mutation]
  4728 | D:5      | Lost mutation: You are frail. (-10% HP) [potion of
                  | mutation]
  4728 | D:5      | Lost mutation: You have an increased reservoir of magic.
                  | (+10% MP) [potion of mutation]
  4728 | D:5      | Gained mutation: You evolve. [potion of mutation]
  4728 | D:5      | Gained mutation: You are dopey. (Int -2) [potion of
                  | mutation]
  4728 | D:5      | Gained mutation: Your muscles are strong. (Str +2) [potion
                  | of mutation]
  5088 | D:6      | Reached skill level 5 in Axes
  5088 | D:6      | Reached skill level 5 in Shields
  5091 | D:6      | Noticed Edmund
  5157 | D:6      | Killed Edmund
  5157 | D:6      | Reached XP level 9. HP: 27/74 MP: 10/10
  5160 | D:6      | Reached ** piety under Qazlal
  5480 | D:6      | Lost mutation: You are dopey. (Int -2) [evolution]
  6165 | D:7      | Found a basalt altar of Yredelemnul.
  6608 | D:7      | Gained mutation: Scrolls take you a little longer to read.
                  | [evolution]
  6622 | D:8      | Found Dorut's Antique Weapon Shoppe.
  6773 | D:8      | Noticed a two-headed ogre
  6783 | D:8      | Killed a two-headed ogre
  6783 | D:8      | Reached XP level 10. HP: 23/82 MP: 7/13
  7152 | D:8      | Got a bone war axe
  7153 | D:8      | Identified the +4 war axe of Iconoclasm {speed, *Rage rN+
                  | Int+3 Stlth+} (You found it on level 8 of the Dungeon)
  7598 | D:8      | Gained mutation: Your flesh is heat resistant. (rF+)
                  | [evolution]
  7598 | D:8      | Lost mutation: You evolve. [end of evolution]
  7605 | D:8      | Lost mutation: Your flesh is heat resistant. (rF+) [potion
                  | of mutation]
  7605 | D:8      | Lost mutation: Scrolls take you a little longer to read.
                  | [potion of mutation]
  7605 | D:8      | Gained mutation: You are clumsy. (Dex -2) [potion of
                  | mutation]
  7605 | D:8      | Gained mutation: Your movements are slightly less
                  | encumbered by armour. (ER -2) [potion of mutation]
  7666 | D:9      | Noticed Erica
  7682 | D:9      | Killed Erica
  7682 | D:9      | Reached skill level 9 in Armour
  7844 | D:9      | Reached skill level 5 in Invocations
  7847 | D:9      | HP: 3/123 [killer bee (8)]
  7848 | D:9      | Mangled by a killer bee

Skill      XL: |  1  2  3  4  5  6  7  8  9 10 |
---------------+-------------------------------+-----
Fighting       | 7 8 |  8.9
Armour         | 7 8 9 |  9.0
Dodging        | 5 |  5.8
Axes           | 3 4 5 6 7 |  7.7
Shields        | 4 5 6 7 |  7.5
Invocations    | 1 2 4 5 |  5.0

Action                   |  1- 3 |  4- 6 |  7- 9 | 10-12 || total
-------------------------+-------+-------+-------+-------++-------
Melee: War axe           |    47 |   156 |   259 |    68 ||   530
       Hand axe          |       |       |   104 |    13 ||   117
Invok: Upheaval          |       |       |     3 |     6 ||     9
 Abil: Dig               |     2 |     6 |     2 |       ||    10
Evoke: Wand              |       |       |     1 |       ||     1
  Use: Potion            |     3 |     4 |     5 |     5 ||    17
       Scroll            |       |       |     7 |     1 ||     8
 Stab: Invisible         |       |       |     3 |       ||     3
  Eat: Chunk             |       |     9 |     9 |     4 ||    22
       Ration            |       |       |     2 |       ||     2
Armor: Scale mail        |    29 |       |       |       ||    29
       Chain mail        |       |    79 |    90 |       ||   169
       Plate armour      |       |       |    41 |    24 ||    65
       Skin              |       |       |       |    36 ||    36
Dodge: Dodged            |    24 |    64 |    99 |    28 ||   215
Block: Shield            |    33 |    94 |   232 |    98 ||   457
